Map: Romanticide LE

Players

IIIIIIIIIIII - Winner!

  • Race: Zerg Zerg
  • League: Grandmaster
  • Spawn Location: 11:00

Jason

  • Race: Terran Terran
  • League: Grandmaster
  • Spawn Location: 5:00

VOD

Have the link to the VOD?

Description

Time

  • Played on: Dec. 29, 2020, 3:51 p.m.
  • Length: 23:51
Show
View Real Time Build Order
Export as new Build Order

IIIIIIIIIIII Zerg - Winner!

Build Orders: Hatch First, Muta Ling Bane 

Get SALT Encoding   

  12  0:00  Drone  
  13  0:12  Overlord  
  13  0:17  Drone  
  14  0:31  Drone x2  
  16  0:49  Hatchery  
  15  0:52  Drone  
  15  0:55  Drone  
  17  0:59  Drone  
  18  1:09  Extractor  
  17  1:14  Spawning Pool  
  17  1:17  Drone  
  17  1:20  Drone  
  18  1:28  Drone  
  19  1:39  Drone  
  20  1:50  Overlord  
  20  2:01  Queen x2  
  20  2:02  Zergling x4  
  26  2:11  Drone  
  26  2:12  Drone  
  28  2:22  Hatchery  
  28  2:28  Metabolic Boost  
  27  2:35  Drone x2  
  28  2:51  Queen  
  28  2:52  Drone x2  
  28  2:53  Drone  
  28  2:55  Overlord  
  33  2:58  Drone  
  34  3:06  Drone  
  35  3:14  Drone  
  35  3:16  Overlord  
  35  3:18  Drone x3  
  39  3:23  Drone  
  39  3:25  Zergling x2  
  41  3:28  Queen  
  43  3:34  Overlord  
  43  3:36  Queen  
  43  3:37  Drone x2  
  47  3:54  Drone x5  
  52  3:58  Drone x2  
  52  3:59  Drone  
  55  4:03  Baneling Nest  
  55  4:04  Overlord  
  55  4:05  Zergling x4  
  56  4:10  Queen  
  56  4:12  Queen  
  61  4:17  Drone  
  61  4:18  Drone  
  61  4:21  Zergling x6  
  65  4:27  Overlord  
  65  4:28  Overlord  
  65  4:32  Spore Crawler  
  65  4:35  Drone x2  
  65  4:37  Lair  
  66  4:43  Spore Crawler  
  66  4:44  Extractor  
  66  4:45  Extractor  
  63  4:47  Baneling x3  
  63  4:48  Drone x4  
  63  4:49  Drone x4  
  71  4:54  Overlord  
  71  4:55  Drone x2  
  68  5:10  Drone  
  68  5:11  Drone x2  
  68  5:13  Drone  
  68  5:14  Drone x3  
  68  5:17  Drone x2  
  68  5:19  Extractor  
  68  5:20  Extractor  
  68  5:22  Drone x7  
  75  5:28  Drone  
  75  5:29  Drone  
  75  5:30  Zergling x2  
  75  5:34  Drone  
  79  5:37  Drone x2  
  79  5:39  Extractor  
  79  5:40  Zergling x2  
  79  5:41  Overseer  
  81  5:43  Zergling x2  
  81  5:46  Zergling x2  
  81  5:48  Hatchery  
  82  5:52  Spire  
  82  5:53  Drone x2  
  82  5:55  Drone  
  84  5:57  Drone x2  
  84  6:01  Centrifical Hooks  
  86  6:04  Zergling x8  
  86  6:08  Overlord  
  86  6:09  Overlord x2  
  90  6:14  Overlord  
  90  6:15  Evolution Chamber  
  90  6:17  Evolution Chamber  
  88  6:25  Drone  
  89  6:26  Overlord x2  
  89  6:28  Hatchery  
  89  6:30  Baneling x6  
  88  6:37  Zergling x2  
  88  6:38  Zergling x12  
  95  6:40  Drone  
  95  6:41  Drone  
  95  6:45  Zerg Ground Armor Level 1  
  95  6:47  Zerg Melee Weapons Level 1  
  97  6:48  Drone x2  
  97  6:52  Drone x3  
  102  6:54  Drone x2  
  102  7:00  Queen  
  103  7:11  Drone  
  103  7:12  Drone  
  103  7:13  Drone x4  
  103  7:15  Zerg Flyer Weapons Level 1  
  109  7:16  Pneumatized Carapace  
  109  7:20  Mutalisk  
  109  7:21  Mutalisk x5  
  120  7:25  Overseer  
  120  7:27  Baneling  
  120  7:28  Baneling x3  
  120  7:29  Zergling x6, Baneling x2  
  124  7:30  Zergling x8  
  124  7:34  Zergling x8  
  129  7:48  Zergling x2  
  129  7:49  Zergling x22  
  133  7:52  Overlord, Queen  
  120  8:10  Queen  
  119  8:15  Zergling x2  
  119  8:16  Zergling x36  
  119  8:17  Zergling x2  
  119  8:18  Baneling  
  119  8:19  Baneling x10  
  139  8:23  Queen  
  139  8:26  Queen  
  141  8:28  Zergling x2  
  141  8:29  Zergling x8  
  141  8:32  Hatchery  
  141  8:33  Mutalisk  
  143  8:54  Overlord  
  143  8:55  Overlord x3  
  141  8:56  Zerg Melee Weapons Level 2, Zerg Ground Armor Level 2  
  116  9:11  Mutalisk x5  
  116  9:12  Mutalisk x5  
  116  9:16  Zergling x14  
  141  9:23  Drone x2  
  143  9:29  Baneling  
  143  9:30  Baneling x7  
  143  9:35  Zergling x2  
  143  9:36  Zergling x18  
  153  9:40  Drone, Zerg Flyer Weapons Level 2  
  153  9:43  Zergling x2  
  153  9:44  Infestation Pit  
  154  9:53  Zergling x2  
  154  9:54  Zergling x24  
  154  9:55  Zergling x14  
  146  10:07  Zergling x14  
  146  10:12  Queen  
  146  10:13  Zergling x2  
  146  10:14  Zergling x6  
  157  10:16  Baneling x12  
  157  10:17  Baneling x13  
  157  10:21  Zergling x6  
  157  10:22  Zergling x16  
  157  10:27  Overlord x2  
  162  10:38  Zergling x2  
  162  10:39  Zergling x22  
  151  10:54  Mutalisk x2  
  151  10:55  Mutalisk x4  
  150  11:03  Zergling x20  
  150  11:04  Zergling x2  
  152  11:08  Baneling x3  
  152  11:09  Baneling x7  
  149  11:13  Zergling x12  
  152  11:21  Overseer  
  144  11:27  Baneling x8  
  144  11:28  Zergling x22  
  150  11:42  Mutalisk x2  
  150  11:43  Mutalisk  
  150  11:44  Zergling x2  
  150  11:45  Zergling x22  
  166  11:47  Baneling  
  166  11:48  Baneling x2  
  166  11:54  Zergling x6  
  166  12:00  Hive  
  169  12:01  Zergling x4  
  169  12:02  Zergling x10, Hatchery  
  169  12:05  Hatchery  
  174  12:09  Zergling x4  
  174  12:10  Zergling x16  
  174  12:11  Zergling x6  
  174  12:14  Zergling x2  
  188  12:17  Baneling x6  
  188  12:31  Overlord x5  
  187  12:45  Baneling  
  187  12:46  Baneling x14  
  160  12:59  Zergling x4  
  160  13:00  Zergling x44  
  157  13:17  Zergling x4  
  157  13:18  Zergling x28  
  160  13:21  Baneling  
  160  13:22  Baneling x20  
  160  13:23  Baneling x14  
  159  13:29  Zergling x12  
  159  13:30  Zergling x6  
  168  13:41  Zergling x4  
  168  13:42  Zergling x14  
  157  13:59  Mutalisk x3  
  157  14:00  Mutalisk x3  
  148  14:03  Zergling x30  
  148  14:04  Zergling x2  
  149  14:14  Zergling x4  
  149  14:15  Zergling x10  
  143  14:19  Mutalisk x3  
  143  14:24  Queen  
  143  14:25  Zergling x8  
  143  14:26  Zergling x8  
  153  14:34  Zergling x10  
  155  14:44  Zergling x4  
  155  14:45  Zergling x8  
  145  14:54  Hatchery  
  145  14:59  Zergling x2  
  144  15:00  Zergling x28  
  144  15:01  Overseer  
  144  15:04  Zerg Ground Armor Level 3  
  144  15:06  Zergling x2  
  158  15:10  Baneling x7  
  158  15:16  Hatchery  
  141  15:24  Baneling  
  141  15:25  Baneling x7  
  141  15:28  Zergling x6  
  136  15:29  Zergling x14  
  136  15:30  Zergling x2  
  140  15:45  Hatchery  
  125  15:51  Zergling x12  
  125  15:52  Zergling x20  
  125  15:54  Baneling x5  
  141  16:03  Zergling x10  
  141  16:04  Zergling x4  
  147  16:05  Zergling x2  
  147  16:08  Baneling  
  143  16:18  Mutalisk x6  
  138  16:21  Zergling x4  
  138  16:22  Zergling x2  
  153  16:29  Baneling x3  
  153  16:32  Zergling x14  
  159  16:33  Zergling x4  
  161  16:41  Zergling x12  
  161  16:42  Zergling x6  
  170  16:50  Zergling x12  
  170  16:51  Zergling x4  
  178  16:55  Zerg Melee Weapons Level 3  
  178  16:57  Baneling x5  
  178  17:11  Zergling x2  
  178  17:12  Zergling x28  
  189  17:26  Baneling x3  
  189  17:27  Zergling x2, Baneling x11  
  189  17:28  Zergling x18  
  199  17:39  Ultralisk Cavern  
  199  17:40  Drone  
  199  18:03  Zerg Flyer Weapons Level 3  
  198  18:17  Zergling x2  
  199  18:23  Baneling  
  199  18:24  Baneling x12  
  199  18:30  Chitinous Plating  
  199  18:34  Baneling x6  
  170  19:03  Zergling x12  
  170  19:04  Zergling x46  
  199  19:13  Extractor  
  199  19:14  Extractor  
  199  19:15  Zergling x8  
  199  19:16  Zergling x2  
  199  19:18  Baneling x2  
  199  19:19  Baneling x16  
  199  19:30  Hatchery  
  191  19:32  Zergling x12  
  191  19:33  Zergling x6  
  189  19:38  Zergling x6  
  189  19:39  Zergling x14  
  189  19:40  Zergling x14  
  195  19:49  Anabolic Synthesis  
  167  19:58  Ultralisk  
  167  19:59  Ultralisk x2  
  177  20:06  Zergling x12  
  177  20:07  Zergling x32  
  199  20:23  Baneling  
  199  20:24  Baneling  
  197  20:39  Zergling x8  
  197  20:40  Zergling x14  
  199  20:44  Extractor  
  199  20:46  Extractor  
  199  20:47  Spine Crawler, Spore Crawler  
  199  20:48  Spine Crawler, Drone x5  
  199  20:49  Spine Crawler x2, Drone  
  198  20:50  Spine Crawler  
  188  21:07  Zergling x20  
  188  21:08  Zergling x14  
  199  21:14  Zergling x2  
  199  21:15  Zergling x12  
  199  21:17  Baneling  
  199  21:18  Baneling x7  
  188  21:34  Mutalisk  
  182  21:45  Zergling x8  
  182  21:46  Zergling x30  
  199  21:53  Zergling x2  
  195  22:07  Zergling x2  
  195  22:08  Zergling x32  
  176  22:24  Zergling x2, Ultralisk  
  176  22:25  Zergling x26  
  196  22:36  Zergling x8  
  200  22:40  Spine Crawler x3  
  200  22:41  Baneling x10  
  192  22:55  Zergling x18  
  192  22:56  Zergling x10  
  199  23:07  Extractor  
  199  23:08  Extractor  
  199  23:11  Zergling x2  
  199  23:12  Zergling x2  
  198  23:32  Baneling  
  198  23:33  Baneling x15  
  187  23:49  Extractor  
  187  23:50  Extractor  
Show
View Real Time Build Order
Export as new Build Order

Jason Terran 

Build Orders: Liberator Opening, Reaper Expand 

Get SALT Encoding   

  12  0:00  SCV  
  13  0:12  SCV  
  14  0:17  Supply Depot  
  14  0:24  SCV  
  15  0:39  SCV  
  15  0:40  Barracks  
  16  0:44  Refinery  
  16  0:51  SCV  
  17  1:03  SCV  
  18  1:15  SCV  
  19  1:32  Orbital Command, Reaper  
  20  1:41  Command Center  
  20  1:50  Supply Depot  
  20  1:57  SCV  
  21  2:03  Marine  
  22  2:09  SCV  
  22  2:12  Factory  
  23  2:18  Refinery  
  23  2:21  SCV  
  24  2:23  Barracks Reactor  
  24  2:33  SCV  
  25  2:46  SCV  
  26  2:55  Orbital Command  
  26  2:57  Starport  
  27  2:58  SCV  
  27  3:06  Hellion  
  27  3:07  Hellion  
  27  3:08  Barracks Tech Lab  
  27  3:12  SCV  
  32  3:22  SCV  
  32  3:24  SCV  
  34  3:28  Hellion x2  
  38  3:34  SCV  
  38  3:36  Liberator, SCV  
  38  3:37  Supply Depot  
  38  3:40  Marine  
  44  3:46  SCV  
  45  3:52  Stimpack  
  45  3:56  SCV  
  45  3:59  Hellion x2  
  45  4:00  Supply Depot  
  45  4:01  Supply Depot  
  50  4:03  SCV  
  50  4:08  SCV  
  52  4:15  SCV  
  53  4:19  Supply Depot  
  53  4:20  SCV  
  54  4:27  Command Center  
  54  4:28  SCV  
  54  4:30  Factory Tech Lab  
  55  4:32  SCV  
  55  4:38  Starport Reactor, Barracks  
  56  4:40  SCV  
  56  4:42  Barracks  
  56  4:44  SCV  
  58  4:52  SCV  
  59  4:53  Engineering Bay  
  59  4:54  Engineering Bay  
  59  4:56  Siege Tank, SCV, Marine  
  64  5:04  SCV  
  63  5:12  SCV  
  52  5:15  Marine  
  52  5:16  SCV  
  54  5:23  Terran Infantry Armor Level 1, Terran Infantry Weapons Level 1  
  54  5:24  Refinery, SCV  
  54  5:25  Starport Reactor  
  54  5:26  Refinery  
  53  5:28  SCV  
  53  5:29  Marine x2  
  53  5:32  Marine x2  
  53  5:33  Marine  
  59  5:36  SCV  
  59  5:40  Orbital Command, SCV  
  61  5:47  Barracks  
  61  5:48  Combat Shield, SCV, Barracks  
  62  5:50  Marine x3  
  62  5:53  SCV  
  66  5:58  Marine  
  66  5:59  Marine  
  66  6:00  SCV  
  66  6:02  Orbital Command  
  66  6:03  Supply Depot  
  69  6:04  Supply Depot  
  69  6:05  Medivac, SCV  
  69  6:06  Medivac  
  74  6:11  Marine x2  
  74  6:12  SCV  
  74  6:13  Marine  
  74  6:17  SCV  
  79  6:21  Marine  
  79  6:22  Siege Tank  
  79  6:24  SCV  
  84  6:28  SCV  
  84  6:29  SCV  
  84  6:30  Marine  
  84  6:31  Marine  
  88  6:35  Medivac  
  88  6:36  Medivac  
  88  6:37  SCV  
  88  6:39  Supply Depot  
  93  6:42  Supply Depot  
  93  6:43  Marine x2  
  93  6:44  Barracks Reactor x2  
  93  6:45  SCV x2  
  97  6:47  Marine  
  97  6:49  SCV  
  99  6:56  Armory  
  99  6:57  SCV x2  
  99  7:00  Factory, Marine x2  
  103  7:02  Supply Depot  
  103  7:05  Supply Depot  
  103  7:08  Siege Tank, Marine x3  
  99  7:10  SCV  
  103  7:18  Marine x2  
  103  7:20  Marine x2  
  103  7:21  Marine x2  
  109  7:23  SCV x3  
  109  7:26  Marine  
  109  7:27  Barracks  
  109  7:29  Barracks  
  113  7:30  Barracks  
  113  7:47  Siege Tank  
  113  7:48  Marine x9  
  113  7:51  SCV x3  
  128  7:53  Terran Infantry Weapons Level 2, Factory Reactor  
  128  7:55  Terran Infantry Armor Level 2  
  120  8:05  Marine  
  120  8:06  Marine  
  120  8:08  Marine x7  
  122  8:13  Supply Depot  
  122  8:14  Supply Depot, Marine  
  122  8:19  Siege Tank  
  126  8:23  Marine  
  126  8:24  Missile Turret, Marine  
  126  8:25  Missile Turret, Marine x3  
  126  8:26  Marine  
  132  8:28  Drilling Claws  
  132  8:35  Widow Mine x2  
  132  8:37  Supply Depot  
  132  8:38  Missile Turret  
  132  8:40  Marine  
  132  8:41  Marine  
  138  8:43  Marine  
  139  8:51  Marine x7  
  139  8:52  Marine x2  
  141  8:56  Widow Mine x2  
  141  9:02  Widow Mine  
  132  9:10  Marine x4  
  132  9:14  Marine x7  
  132  9:15  Marine  
  132  9:17  Supply Depot x2  
  143  9:18  Widow Mine  
  143  9:23  Widow Mine x2  
  149  9:25  Supply Depot  
  149  9:27  Marine  
  149  9:28  Marine x3  
  149  9:30  Medivac x2  
  157  9:36  Supply Depot  
  157  9:37  Supply Depot  
  157  9:38  Marine x8  
  161  9:45  Marine x3  
  165  9:46  Marine  
  165  9:47  Supply Depot  
  169  9:56  Marine  
  169  9:58  Marine  
  169  9:59  Marauder, Marine x2  
  141  10:07  Widow Mine  
  141  10:08  Medivac x2, Widow Mine  
  141  10:12  Barracks Tech Lab x2, Widow Mine  
  151  10:15  Marine x3  
  151  10:16  Marine x3  
  151  10:21  Marauder  
  159  10:23  Marine x2  
  159  10:25  Sensor Tower  
  161  10:28  Marine  
  161  10:33  Marine  
  152  10:37  Marine  
  152  10:42  Marauder  
  155  10:48  Marauder, Marine x2  
  125  10:53  Marine x2  
  125  10:54  Marauder, Marine x3  
  125  10:55  Marine  
  108  11:01  Marine  
  108  11:03  Marauder  
  106  11:05  Widow Mine x2, Marine x2  
  106  11:06  Medivac x2, Widow Mine  
  106  11:10  Marauder  
  106  11:11  Marine x2  
  120  11:12  Marine x3  
  120  11:13  Terran Infantry Weapons Level 3  
  119  11:25  Marine  
  119  11:26  Marine x5  
  119  11:27  Widow Mine x2  
  119  11:31  Marauder  
  125  11:34  Marine x3  
  125  11:35  Widow Mine, Marine  
  125  11:36  Medivac  
  125  11:39  Marine  
  127  11:43  Medivac, Marine x2  
  127  11:46  Marine x2  
  131  11:48  Widow Mine  
  131  11:52  Widow Mine  
  135  11:56  Thor  
  141  12:06  Command Center  
  141  12:07  Marine x2  
  143  12:10  Marine x2  
  143  12:11  Marine  
  143  12:12  Marine x2  
  143  12:13  Marine  
  149  12:17  Widow Mine x2  
  149  12:19  Marauder, Marine x3  
  158  12:25  Terran Infantry Armor Level 3  
  158  12:28  Marine x2  
  160  12:33  Marine  
  161  12:37  Marauder  
  161  12:38  Widow Mine  
  161  12:44  Marauder, Marine x3  
  165  12:46  Marine x3  
  165  12:47  Marauder  
  165  12:48  Marine x2  
  171  12:54  Marine  
  171  12:55  Widow Mine  
  166  12:59  Marauder  
  166  13:01  Thor, Marine  
  166  13:02  Marine  
  166  13:04  Marine x2  
  171  13:05  Marine  
  147  13:17  Widow Mine, Marine x2  
  147  13:18  Marauder, Widow Mine, Marine  
  135  13:20  Marine x3  
  135  13:21  Marauder x2  
  142  13:28  Marine x3  
  142  13:30  Medivac x2  
  149  13:35  Marine x3  
  149  13:38  Marine x3  
  149  13:39  Marauder  
  157  13:42  Marauder  
  157  13:46  Planetary Fortress  
  157  13:47  Missile Turret, Marine  
  152  13:53  Marine x3  
  150  14:00  Widow Mine  
  150  14:02  Marine x2  
  141  14:03  Marauder  
  125  14:12  Widow Mine  
  125  14:15  Marine  
  125  14:16  Marauder, Marine  
  122  14:17  Widow Mine  
  122  14:19  Marine  
  122  14:23  SCV x2  
  119  14:27  Widow Mine  
  119  14:30  Marine  
  119  14:31  Marine  
  123  14:34  Widow Mine  
  123  14:42  Widow Mine  
  112  14:48  Widow Mine  
  112  14:50  Marine  
  112  14:51  Marine  
  112  14:52  Marauder, Marine  
  118  14:56  Widow Mine  
  118  14:59  Marine x2  
  115  15:01  Marine x2  
  115  15:04  SCV  
  115  15:05  SCV  
  120  15:19  Widow Mine x2  
  105  15:23  Widow Mine, Marine x3  
  106  15:31  Marine x3  
  106  15:33  SCV  
  99  15:40  Widow Mine  
  98  15:51  Widow Mine x2, Marine x2  
  98  15:52  Marauder, Marine x2  
  98  15:53  Marine  
  109  16:01  Medivac x2  
  109  16:02  Marine  
  110  16:07  Widow Mine  
  103  16:15  Marine x3  
  103  16:16  Marauder  
  103  16:17  Widow Mine  
  103  16:18  Marine  
  94  16:21  Orbital Command  
  94  16:22  Marine x2  
  97  16:25  Marine x2  
  97  16:28  Widow Mine  
  101  16:35  Marine x3  
  101  16:36  Marauder  
  106  16:46  Missile Turret, SCV x3  
  109  16:48  Sensor Tower  
  109  16:51  Medivac  
  109  16:53  Medivac  
  113  16:55  Marine x2  
  113  16:59  Marine x3  
  113  17:00  Missile Turret  
  118  17:02  Marine  
  118  17:04  Marine  
  120  17:10  Thor  
  120  17:12  Widow Mine  
  120  17:13  Widow Mine  
  128  17:18  Missile Turret  
  128  17:20  Marine x2  
  126  17:24  Marine  
  126  17:26  Marine x2  
  126  17:28  Medivac x2  
  133  17:30  Marine  
  133  17:31  Marauder  
  133  17:33  Neosteel Armor, Widow Mine  
  133  17:35  Widow Mine  
  140  17:40  Marauder  
  140  17:41  Marauder  
  140  17:43  Marine  
  145  17:48  Marine x2  
  145  17:49  Barracks Tech Lab  
  147  17:52  Marauder, Marine  
  147  17:54  Widow Mine x2  
  147  17:56  Marine  
  147  17:57  Supply Depot x2, Marine  
  156  17:59  Marine  
  156  18:02  Marauder x2  
  161  18:07  Widow Mine  
  161  18:09  Marine x2  
  161  18:10  Marauder  
  165  18:15  Widow Mine, Marine x2  
  165  18:16  Widow Mine  
  171  18:24  Marauder, Marine x3  
  176  18:29  Widow Mine  
  176  18:31  Orbital Command  
  178  18:36  Widow Mine  
  178  18:37  Missile Turret, Widow Mine  
  178  18:39  Missile Turret  
  182  18:41  Missile Turret, Marine x2  
  182  18:43  Marine x2  
  186  18:50  Widow Mine  
  186  18:54  Marauder x2  
  186  18:55  Marauder x2  
  180  18:59  SCV x2  
  173  19:05  Marine x3  
  173  19:08  SCV  
  175  19:11  SCV  
  175  19:15  SCV  
  177  19:22  Marine x2  
  175  19:37  Marine x4  
  175  19:38  Marauder x2, Marine  
  170  19:46  Widow Mine  
  129  19:53  Widow Mine  
  129  19:56  Widow Mine, Marine x2  
  129  19:58  Marine  
  97  20:00  Marine  
  97  20:01  Marine x2  
  100  20:07  Widow Mine  
  100  20:08  Marine  
  103  20:14  Widow Mine  
  103  20:15  Marine  
  103  20:17  Widow Mine  
  108  20:26  Orbital Command  
  107  20:29  Widow Mine  
  107  20:32  Marine x2  
  111  20:36  Widow Mine  
  111  20:38  Widow Mine  
  111  20:39  SCV x2  
  117  20:50  Widow Mine  
  117  20:51  SCV x2, Marine x2  
  117  20:54  Medivac  
  125  20:57  Widow Mine  
  125  20:58  Marauder  
  125  21:03  SCV x2  
  127  21:06  Widow Mine  
  127  21:09  SCV  
  126  21:11  Widow Mine  
  126  21:15  SCV x2  
  129  21:19  Widow Mine  
  129  21:21  SCV  
  129  21:22  Marine  
  129  21:23  Marine x4  
  137  21:26  Unknown  
  137  21:27  SCV x2  
  133  21:33  SCV  
  133  21:39  SCV  
  112  21:40  SCV, Marine  
  112  21:41  Marine  
  112  21:42  Marine x2  
  112  21:46  SCV  
  117  21:49  Marine x3  
  117  21:50  Marine x3  
  117  21:51  Marine x2  
  117  21:52  SCV x2  
  127  21:56  Widow Mine  
  127  22:06  Widow Mine x2, Marine x2  
  122  22:09  Marauder, Marine x3  
  115  22:18  Widow Mine  
  115  22:21  SCV  
  118  22:26  Marine  
  118  22:28  SCV  
  120  22:33  Marine  
  121  22:48  Marauder, Marine x3  
  116  23:01  Widow Mine  
  116  23:02  SCV  
  116  23:03  SCV  
  116  23:05  Widow Mine  
  120  23:10  Marine  
  119  23:15  Orbital Command, Widow Mine, SCV, Marine  
  118  23:27  SCV  
  110  23:29  Widow Mine x2  
Tags
 
Add a new tag
Caveats
  • Supply blocks, unpowered buildings, or Contaminate may cause inaccurate times.
  • Supply counts are checked every 10 seconds.